 Dungeon Crawl Stone Soup version 0.17.2-1-ge4368a0 (webtiles) character file.

7 tidbits the Insei (level 1, -6/16 HPs)
             Began as a Demigod Transmuter on Sept 21, 2017.
             Mangled by Alipheese's ghost (13 damage)
             ... on level 3 of the Dungeon.
             The game lasted 00:02:37 (295 turns).

tidbits the Insei (Demigod Transmuter)               Turns: 295, Time: 00:02:37

Health: -6/16      AC:  2    Str: 18    XL:     1   Next: 73%
Magic:  5/6        EV: 12    Int: 17    God:
Gold:   33         SH:  0    Dex: 16    Spells: 1 memorised, 3 levels left

rFire  . . .     SeeInvis .       - Unarmed
rCold  . . .     Clarity  .     b - +0 robe
rNeg   . . .     SustAt   +     (no shield)
rPois  .         Gourm    .     (no helmet)
rElec  .         Spirit   .     (no cloak)
rCorr  .         Warding  .     (no gloves)
rMut   .         Stasis   .     (boots currently unavailable)
MR     .....                    (no amulet)
Stlth  +.........               (no ring)
                                (no ring)

@: mighty, appendage (expiring), not resistant to hostile enchantments, very
unstealthy
A: talons 3, high mp 1, sustain attributes
a: End Transformation


You were on level 3 of the Dungeon.
You were not hungry.
You had grown temporary talons.
You visited 1 branch of the dungeon, and saw 3 of its levels.

You collected 33 gold pieces.

Inventory:

Hand Weapons
 g - a +0 hunting sling
   (You found it on level 1 of the Dungeon)
Missiles
 a - 12 arrows
 e - 2 curare-tipped needles
Armour
 b - a +0 robe (worn)
Scrolls
 f - a scroll of remove curse {unknown}
 i - a scroll of immolation {unknown}
 j - a scroll of magic mapping {unknown}
Books
 c - a book of Changes

   Spells                             Type                      Level
   a - Beastly Appendage              Transmutation                1
   b - Sticks to Snakes               Transmutation                2
   c - Spider Form                    Transmutation/Poison         3
   d - Ice Form                       Ice/Transmutation            4
   e - Blade Hands                    Transmutation                5
Comestibles
 d - a bread ration


   Skills:
 - Level 1.0 Fighting
 - Level 1.7 Dodging
 - Level 2.6 Unarmed Combat
 + Level 2.2 Spellcasting
 - Level 1.8 Transmutations


You had 3 spell levels left.
You knew the following spells:

 Your Spells              Type           Power        Failure   Level  Hunger
e - Beastly Appendage     Trmt           #.....       12%         1    #......


Dungeon Overview and Level Annotations

Branches:
Dungeon (3/15)

Annotations:
D:3 Alipheese's ghost, weakling NaFi


Innate Abilities, Weirdness & Mutations

You have an increased reservoir of magic (+10% MP).
Your attributes are resistant to harm.
You have claws for feet.


Message History

You swing at nothing.
You swing at nothing.
You swing at nothing.
You swing at nothing.
You swing at nothing.
You swing at nothing.
You swing at nothing.
You swing at nothing.
You swing at nothing.
You swing at nothing.
You swing at nothing.
Wield which item (- for none, * to show all)? (? for menu, Esc to quit)
You are now empty-handed.
You open the door.
There is an open door here.
A bat comes into view.
A bat is nearby!
Casting: Beastly Appendage
Confirm with . or Enter, or press ? or * to list all spells.
Your feet morph into talons.
You hit the bat.
You kill the bat!
A hobgoblin comes into view. It is wielding a club.
The hobgoblin shouts!
You hit the hobgoblin.
The hobgoblin is heavily wounded.
The hobgoblin closely misses you.
You hit the hobgoblin but do no damage. You claw the hobgoblin.
You kill the hobgoblin!
Your transformation is almost over.
Things that are here:
a club; a hobgoblin corpse You open the door.
A rat comes into view.
Found a hunting sling.
Casting: Beastly Appendage
Confirm with . or Enter, or press ? or * to list all spells.
You extend your transformation's duration.
Things that are here:
a club; a hobgoblin corpse You hit the rat.
You kill the rat!
You see here a rat corpse.
Found a red potion.
There is an open door here.
Your transformation is almost over.
You see here a hunting sling.
g - a hunting sling
h - a red potion Your talons disappear.
Found 10 gold pieces.
Found a stone staircase leading down.
Found a scroll labeled SOOMNU TEAMIO.
A giant newt comes into view.
You see here 10 gold pieces.
You see here 10 gold pieces.
You now have 26 gold pieces (gained 10).
Casting: Beastly Appendage
Confirm with . or Enter, or press ? or * to list all spells.
You grow a pair of large bovine horns.
You hit the giant newt.
You kill the giant newt!
Your transformation is almost over.
i - a scroll labeled SOOMNU TEAMIO
There is a stone staircase leading down here.
Casting: Beastly Appendage
Confirm with . or Enter, or press ? or * to list all spells.
You extend your transformation's duration.
You climb downwards.
Found a scroll labeled DEMPYN QEUM and 7 gold pieces.
There is a stone staircase leading up here.
j - a scroll labeled DEMPYN QEUM Your transformation is almost over.
There is a stone staircase leading up here.
Found a stone staircase leading down.
You now have 33 gold pieces (gained 7).
A giant cockroach comes into view.
Your horns disappear.
There is a stone staircase leading down here.
You climb downwards.
There is a stone staircase leading up here.
Alipheese's ghost (weakling Naga Fighter) comes into view.
You swing at nothing.
Alipheese's ghost moves out of view.
Unknown command.
Drink which item? (? for menu, Esc to quit)
It was a potion of might.
You feel very mighty all of a sudden.
Casting: Beastly Appendage
Confirm with . or Enter, or press ? or * to list all spells.
You don't know that spell.
Casting: Beastly Appendage
Confirm with . or Enter, or press ? or * to list all spells.
Your feet morph into talons.
Your transformation is almost over.
Alipheese's ghost hits you.
* * * LOW HITPOINT WARNING * * *
You barely miss Alipheese's ghost.
You claw Alipheese's ghost, but do no damage.
Alipheese's ghost hits you!
Ouch! That really hurt!
You die...

. .. ... ....
###########.....
#...............
#.......@W..#
#<..........#
#...........#
#..........##
########.#.#
..#.# ###.# .#


You could see Alipheese's ghost.

Vanquished Creatures
  3 hobgoblins (D:1)
  A bat (D:1)
  A giant newt (D:1)
  2 kobolds (D:1)
  A rat (D:1)
8 creatures vanquished.

Notes
Turn   | Place    | Note
--------------------------------------------------------------
     0 | D:1      | tidbits the Demigod Transmuter began the quest for the Orb.
     0 | D:1      | Reached XP level 1. HP: 15/15 MP: 5/5
     0 | D:1      | gonna win this one
    43 | D:1      | Reached skill level 1 in Fighting
   117 | D:1      | Reached skill level 2 in Spellcasting
   287 | D:3      | Noticed Alipheese's ghost (weakling NaFi)
   295 | D:3      | Mangled by Alipheese's ghost

Action                   || total
-------------------------++-------
Melee: Unarmed           ||    22
 Cast: Beastly Appendage ||     9
  Use: Potion            ||     1

Table legend:
 A = Turns spent in this place as a percentage of turns spent in the entire game.
 B = Non-inter-level travel turns spent in this place as a percentage of non-inter-level travel turns spent in the entire game.
 C = Inter-level travel turns spent in this place as a percentage of turns spent in this place.
 D = Turns resting spent in this place as a percentage of non-inter-level travel turns spent in this place.
 E = Turns spent auto-exploring this place as a percentage of non-inter-level travel turns spent in this place.
 F = Non-inter-level travel turns spent in this place divided by the number of levels of this place that you've seen.
                   A       B       C       D       E      F
               +-------+-------+-------+-------+-------+----------------------
         Total | 100.0 | 100.0 |   0.0 |   0.0 |   0.0 |  89.0
       Dungeon | 100.0 | 100.0 |   0.0 |   0.0 |   0.0 |  89.0
               +-------+-------+-------+-------+-------+----------------------

Table legend:
 A = Kills in this place as a percentage of kills in entire the game.
 B = Kills by you in this place as a percentage of kills by you in the entire game.
 C = Kills by friends in this place as a percentage of kills by friends in the entire game.
 D = Other kills in this place as a percentage of other kills in the entire game.
 E = Experience gained in this place as a percentage of experience gained in the entire game.
 F = Experience gained in this place divided by the number of levels of this place that you have seen.
                   A       B       C       D       E      F
               +-------+-------+-------+-------+-------+----------------------
         Total | 100.0 | 100.0 |  -nan |  -nan | 100.0 |   3.7
       Dungeon | 100.0 | 100.0 |  -nan |  -nan | 100.0 |   3.7
               +-------+-------+-------+-------+-------+----------------------

Vault maps used:
D:1:      dpeg_arrival_lava_temple_mockup
D:2:      nicolae_overflow_crystal_walls, yredelemnul_forgotten_temple_becter
D:3:      lemuel_upstairs_altar, kennysheep_generic_room_5
